AoeStats
← FlinkerBär

Arabian Desert

510515419Analyzed
1v1 RM · 13h ago on Oct 1, 2026· 32m 28s· 2 players
Game mode
Random Map
Map size
Tiny (2 player)
Population
200
Speed
Normal
Resources
Standard
Victory
Conquest
Starting age
Dark Age
Ending age
Imperial Age
RankedLock teamsTeams togetherTeam positionsShared explorationLock speedFull tech treeHidden civsTurbo modeCheats
Victory
Defeat
🇦🇹 Burmese · Austria
1154
+16
🇪🇸 Mongols · Spain
1152
-16
PabloMA25
4:51 Loom
10:19 Feudal Age
16:28 Double-Bit Axe
21:52 Town Watch
28:00 Castle Age
27:36 Fletching
27:46 Padded Archer Armor
FlinkerBär
6:48 Loom
9:17 Feudal Age
10:12 Man-at-Arms
16:03 Fletching
19:26 Bloodlines
20:25 Scale Barding Armor
22:29 Forging
27:06 Castle Age
25:55 Horse Collar
28:13 Chain Barding Armor
29:01 Husbandry
31:22 Sanctity
32:23 Devotion
Connection lost

Rejoining the realm…

Still unreachable

The connection could not be restored.

Session expired

The server has moved on; the page needs a fresh start.